 Dungeon Crawl Stone Soup version 0.17-a0-1078-g243345b (webtiles) character file.

4056 RobertPalmer the Carver (level 10, -17/84 HPs)
             Began as a Naga Chaos Knight on May 19, 2015.
             Demolished by a large abomination (22 damage)
             ... on level 1 of the Abyss.
             The game lasted 00:17:11 (8000 turns).

RobertPalmer the Carver (Naga Chaos Knight)         Turns: 8000, Time: 00:17:11

Health: -17/84     AC: 16    Str: 18    XL:     10   Next: 25%
Magic:  10/10      EV: 12    Int: 16    God:    Xom [..*...]
Gold:   204        SH:  0    Dex:  7    Spells: 0 memorised, 9 levels left

rFire  . . .     SeeInvis +     a - +0 scimitar
rCold  . . .     Clarity  +     b - +2 leather armour
rNeg   + . .     SustAb   .     (no shield)
rPois  +         Gourm    .     (no helmet)
rElec  +         Spirit   .     s - +1 cloak
rCorr  .         Warding  +     (no gloves)
rMut   .         Stasis   .     (no barding)
MR     +....                    n - amulet of warding {Ward, rN+, !d}
Stlth  +.........               q - +3 ring of protection
                                m - +3 ring of strength

@: very slow, somewhat resistant to hostile enchantments, very unstealthy
A: rough black scales 1, see invisible, clarity, clumsy 1, deformed body, poison
resistance, screaming 1, electricity resistance, slowness 2, slow metabolism 1,
spit poison 2, AC +3
a: Spit Poison, Renounce Religion


You were on level 1 of the Abyss.
You worshipped Xom.
You were a toy of Xom.
You were very hungry.

You visited 1 branch of the dungeon, and saw 7 of its levels.
You visited the Abyss 1 time.

You collected 204 gold pieces.

Inventory:

Hand weapons
 a - a +0 scimitar (weapon)
   (You took it off a hobgoblin on level 6 of the Dungeon)
Armour
 b - a +2 leather armour (worn)
 g - a +0 helmet
   (You found it on level 1 of the Dungeon)
 r - a cursed +0 helmet
   (You found it on level 7 of the Dungeon)
 s - a +1 cloak (worn)
   (You took it off Crazy Yiuf on level 5 of the Dungeon)
Rods
 e - a +0 iron rod (13/13)
   (You found it on level 7 of the Dungeon)
Jewellery
 m - a +3 ring of strength (left hand)
   (You found it on level 3 of the Dungeon)
 n - an amulet of warding (around neck) {Ward, rN+, !d}
   (Xom gifted it to you on level 4 of the Dungeon)
 q - a +3 ring of protection (right hand)
   (Xom gifted it to you on level 4 of the Dungeon)
 t - a cursed ring of teleportation {+/*tele, !d}
   (You found it on level 6 of the Dungeon)
Scrolls
 f - 3 scrolls of remove curse
 k - 2 scrolls of teleportation
 p - a scroll of identify
Potions
 o - 3 potions of resistance
Comestibles
 c - 5 bread rations {@e1}
 d - 5 beef jerkies
 h - 2 fruits
 i - 2 slices of pizza
 j - 5 meat rations {@e2}


   Skills:
 - Level 3.0 Fighting
 + Level 11.5 Long Blades
 - Level 1.5 Armour
 - Level 10.0 Dodging


You had 9 spell levels left.
You didn't know any spells.

Dungeon Overview and Level Annotations

Branches:
Dungeon (7/15)             Temple (0/1) D:5

Altars:
Dithmenos
Elyvilon
Fedhas
Kikubaaqudgha
Makhleb
Qazlal
Xom
The Shining One

Shops:
D:4 :   D:5 (

Annotations:
D:3 Terence


Innate Abilities, Weirdness & Mutations

You cannot wear boots.
Your serpentine skin is tough (AC +3).
You have supernaturally acute eyesight.
Armour fits poorly on your strangely shaped body.
Your system is resistant to poisons.
You cover ground very slowly.
You have a slow metabolism.
You can spit poison.
You are partially covered in rough black scales (AC +4, Dex -1).
You possess an exceptional clarity of mind.
You are clumsy. (Dex -2)
You occasionally shout uncontrollably at your foes.
You are resistant to electric shocks.


Message History

A large abomination comes into view.
The thrashing horror roars!
The thrashing horror tramples you!
* * * LOW HITPOINT WARNING * * *
You hold your ground!
The thrashing horror tramples you!
* * * LOW HITPOINT WARNING * * *
You hold your ground!
The thrashing horror tramples you but does no damage.
The thrashing horror closely misses you.
You take 19 damage, and have 7/84 hp.
MASSIVE DAMAGE!!
The thrashing horror roars!
The thrashing horror tramples you but does no damage.
The thrashing horror barely misses you.
The thrashing horror closely misses you.
The thrashing horror tramples you but does no damage. x3
The thrashing horror completely misses you.
The thrashing horror tramples you but does no damage.
The thrashing horror tramples you.
* * * LOW HITPOINT WARNING * * *
You hold your ground!
The thrashing horror tramples you but does no damage.
The thrashing horror barely misses you. The thrashing horror tramples you.
* * * LOW HITPOINT WARNING * * *
You hold your ground!
The thrashing horror tramples you but does no damage.
The thrashing horror barely misses you.
The thrashing horror completely misses you.
The thrashing horror tramples you but does no damage.
You take 4 damage, and have 3/84 hp.
Unknown command.
You are suddenly pulled into a different region of the Abyss!
Unknown command.
You start resting.
You are starting to lose your buoyancy.
You regained 8 hp, and now have 11/84 hp.
You start resting.
You are suddenly pulled into a different region of the Abyss!
You float gracefully downwards.
You regained 3 hp, and now have 14/84 hp.
Unknown command.
You start resting.
A crimson imp comes into view.
A crimson imp is nearby!
You regained 23 hp, and now have 37/84 hp.
Unknown command.
The crimson imp shouts!
A crimson imp is nearby!
You start resting.
A crimson imp is nearby!
The crimson imp grins evilly.
The crimson imp blinks!
A crimson imp is nearby!
A crimson imp is nearby! "Boo!"
The crimson imp barely misses you.
You closely miss the crimson imp. The crimson imp closely misses you.
You miss the crimson imp. You slash the crimson imp!
You kill the crimson imp!
You start resting.
A tentacled starspawn appears in a shower of sparks.
You regained 5 hp, and now have 46/84 hp.
A small abomination comes into view.
Found 17 steel sling bullets.
Found a gateway leading deeper into the Abyss.
You shout at the large abomination!
A large abomination comes into view.
The large abomination closely misses you.
The small abomination hits you! The large abomination hits you.
You take 12 damage, and have 40/84 hp.
You feel yourself growing ill in the presence of the ancient zyme.
The small abomination closely misses you.
The small abomination hits you.
An ancient zyme comes into view.
You take 4 damage, and have 36/84 hp.
The ancient zyme moves out of view.
The large abomination hits you but does no damage.
You barely miss the large abomination.
The large abomination completely misses you.
You hit the large abomination. You barely miss the large abomination.
The large abomination hits you.
You take 4 damage, and have 33/84 hp.
You are feeling very hungry.
You hit the large abomination.
The large abomination barely misses you.
You hit the large abomination. The large abomination hits you.
You hit the large abomination but do no damage.
The large abomination hits you!!
* * * LOW HITPOINT WARNING * * *
A tentacled monstrosity comes into view.
You take 20 damage, and have 13/84 hp.
MASSIVE DAMAGE!!
You hit the large abomination but do no damage.
The large abomination hits you!
* * * LOW HITPOINT WARNING * * *
You take 8 damage, and have 5/84 hp.
You slash the large abomination! The large abomination hits you!!
You die...
Xom howls with laughter!

#. # ##......
.##.. #? #
.#.......## ##
.##.. .... .# #
..# #.. #.. ##
####..
####...#.# ###
##.#..# # ..#
#.#.#.##..
#..#..@.# # #.#
#.#.####X.X...##
#.... .###..#.#
#..##.# .# (#...
#...##.##. ##
.....# ..# .
#.....#.. ..#.
#.#...... ...>
..#.. #.#.. ..##


You could see a tentacled monstrosity and a large abomination.

Vanquished Creatures
  Pikel (D:4)
  Joseph (D:7)
  An orange demon (Abyss:1)
  Grinder (D:5)
  3 yaks (D:5)
  2 ogres
  A phantom (D:6)
  A black bear (D:6)
  3 slaves (D:4)
  2 centaurs (D:6)
  3 giant frogs
  A scorpion (D:5)
  3 killer bees (D:7)
  3 wights (D:7)
  6 crimson imps
  A jelly (D:5)
  4 orc priests
  2 orc wizards (D:3)
  A giant frog skeleton (D:7)
  Crazy Yiuf (D:5)
  3 worker ants
  2 hounds
  2 iguanas
  A centaur skeleton (D:4)
  4 gnolls (D:3)
  12 adders
  A shadow imp (D:6)
  An ooze (D:3)
  An adder skeleton (D:5)
  3 worms
  16 orcs
  14 bats
  6 giant cockroaches
  12 goblins
  14 hobgoblins
  11 jackals
  14 kobolds
  3 quokkas
  2 ball pythons
  7 giant geckos
  4 giant newts
  A jackal skeleton (D:4)
  A quokka skeleton (D:6)
  6 rats
182 creatures vanquished.

Vanquished Creatures (collateral kills)
  A yak (D:5)
  An ice beast (D:7)
  A killer bee (D:7)
  An orc priest (D:6)
  A bat (D:7)
5 creatures vanquished.

Vanquished Creatures (others)
  A fungus (D:5)
1 creature vanquished.

Grand Total: 188 creatures vanquished

Notes
Turn   | Place    | Note
--------------------------------------------------------------
     0 | D:1      | RobertPalmer the Naga Chaos Knight began the quest for the Orb.
     0 | D:1      | Reached XP level 1. HP: 21/21 MP: 1/1
   164 | D:1      | Reached XP level 2. HP: 20/28 MP: 2/2
   195 | D:1      | HP: 6/28 [giant gecko (2)]
   199 | D:1      | HP: 2/28 [goblin/dagger (1)]
   399 | D:1      | XOM: silly message
   556 | D:1      | Reached skill level 4 in Long Blades
   574 | D:1      | Reached XP level 3. HP: 34/34 MP: 3/3
   604 | D:1      | XOM: harmless Air miscast
   841 | D:2      | XOM: colour smoke trail
  1068 | D:2      | Reached XP level 4. HP: 42/42 MP: 4/4
  1302 | D:2      | XOM: divination: detect items
  1720 | D:2      | Gained mutation: You are resistant to electric shocks. [potion of beneficial mutation]
  1770 | D:2      | Reached skill level 5 in Long Blades
  1786 | D:3      | Noticed Terence
  1815 | D:2      | XOM: colour smoke trail
  1856 | D:3      | Found a shadowy altar of Dithmenos.
  1872 | D:3      | HP: 9/42 [adder (2)]
  2143 | D:3      | XOM: harmless Air miscast
  2149 | D:3      | Reached XP level 5. HP: 49/49 MP: 5/5
  2161 | D:3      | XOM: colour smoke trail
  2209 | D:3      | HP: 11/49 [orc priest/divine providence (14)]
  2502 | D:3      | XOM: silly message
  2512 | D:3      | Reached skill level 6 in Long Blades
  2519 | D:3      | XOM: potion effect (experience)
  2519 | D:3      | Reached skill level 10 in Dodging
  2519 | D:3      | Reached XP level 6. HP: 43/56 MP: 6/6
  2592 | D:3      | XOM: noise
  2731 | D:3      | XOM: colour smoke trail
  2809 | D:3      | Reached XP level 7. HP: 50/62 MP: 7/7
  3137 | D:4      | XOM: mild Fire miscast
  3409 | D:4      | Reached skill level 7 in Long Blades
  3495 | D:4      | XOM: give mutations
  3495 | D:4      | Gained mutation: You occasionally shout uncontrollably at your foes. [Xom's mischief]
  3495 | D:4      | Gained mutation: You are clumsy. (Dex -2) [Xom's mischief]
  3558 | D:4      | Noticed Pikel
  3563 | D:4      | Killed Pikel
  3563 | D:4      | Reached skill level 8 in Long Blades
  3563 | D:4      | Reached XP level 8. HP: 67/69 MP: 8/8
  3564 | D:4      | XOM: harmless Tloc miscast
  3634 | D:4      | XOM: god gift: runed malachite amulet {god gift}
  3730 | D:4      | Found a burning altar of Makhleb.
  3730 | D:4      | Found a shimmering altar of Xom.
  3762 | D:4      | XOM: give mutations
  3762 | D:4      | Gained mutation: You possess an exceptional clarity of mind. [Xom's grace]
  3762 | D:4      | Gained mutation: You are partially covered in rough black scales (AC +4, Dex -1). [Xom's grace]
  3824 | D:4      | Found Cuhin's Book Boutique.
  3854 | D:4      | XOM: 2-stop teleportation journey
  4059 | D:4      | XOM: vitrification
  4084 | D:4      | XOM: god gift: notched gilded ring {god gift}
  4140 | D:5      | Entered Level 5 of the Dungeon
  4145 | D:5      | Found a staircase to the Ecumenical Temple.
  4256 | D:5      | Found Xopp's Weapon Boutique.
  4357 | D:5      | Noticed Grinder
  4359 | D:5      | Paralysed by Grinder for 4 turns
  4381 | D:5      | Killed Grinder
  4543 | D:5      | Found a white marble altar of Elyvilon.
  4582 | D:5      | XOM: severe Hex miscast
  4591 | D:5      | XOM: silly message
  4593 | D:5      | XOM: harmless Fire miscast
  4596 | D:5      | XOM: potion effect (might)
  4604 | D:5      | Reached skill level 9 in Long Blades
  4604 | D:5      | Reached XP level 9. HP: 39/75 MP: 9/9
  4606 | D:5      | XOM: potion effect (agility)
  4610 | D:5      | XOM: divination: detect creatures
  4646 | D:5      | Found a blossoming altar of Fedhas.
  4993 | D:5      | XOM: divination: detect creatures
  5079 | D:5      | XOM: harmless Necr miscast
  5494 | D:5      | Noticed Crazy Yiuf
  5510 | D:5      | Killed Crazy Yiuf
  5746 | D:6      | Found a stormy altar of Qazlal.
  5876 | D:6      | Found a glowing golden altar of the Shining One.
  5913 | D:6      | Reached skill level 10 in Long Blades
  6095 | D:6      | XOM: mild Conj miscast
  6111 | D:6      | Found an ancient bone altar of Kikubaaqudgha.
  6303 | D:6      | XOM: summons 9 friendly demons
  7004 | D:7      | XOM: confuse monster(s)
  7018 | D:7      | XOM: summons friendly quasit
  7101 | D:7      | XOM: god gift: scroll labeled JIDUCE HUTAIRGH
  7242 | D:7      | XOM: summons 9 friendly demons
  7246 | D:7      | Reached XP level 10. HP: 63/84 MP: 10/10
  7274 | D:7      | XOM: polymorph ufetubus -> crimson imp
  7333 | D:7      | Noticed Joseph
  7341 | D:7      | Identified a +0 iron rod (13/13) (You found it on level 7 of the Dungeon)
  7370 | D:7      | HP: 21/84 [Joseph/uncursed quarterstaff (10)]
  7381 | D:7      | HP: 17/84 [Joseph/uncursed quarterstaff (16)]
  7386 | D:7      | Killed Joseph
  7386 | D:7      | Reached skill level 11 in Long Blades
  7467 | D:7      | XOM: harmless Tloc miscast
  7505 | D:7      | Cast into the Abyss (orc wizard)
  7533 | Abyss:1  | XOM: confuse monster(s)
  7540 | Abyss:1  | XOM: silly message
  7562 | Abyss:1  | XOM: cast spell 'Blink'
  7569 | Abyss:1  | HP: 20/84 [orange demon[a cacodemon] (7)]
  7665 | Abyss:1  | XOM: harmless Divn miscast
  7776 | Abyss:1  | Noticed a thrashing horror
  7785 | Abyss:1  | Noticed a thrashing horror
  7792 | Abyss:1  | Noticed a large abomination
  7792 | Abyss:1  | HP: 15/84 [thrashing horror (11)]
  7792 | Abyss:1  | HP: 7/84 [thrashing horror (8)]
  7794 | Abyss:1  | HP: 3/84 [thrashing horror (4)]
  7945 | Abyss:1  | XOM: noise
  7969 | Abyss:1  | Noticed a tentacled starspawn
  7987 | Abyss:1  | Noticed a large abomination
  7998 | Abyss:1  | HP: 13/84 [large abomination (20)]
  7999 | Abyss:1  | Noticed a tentacled monstrosity
  7999 | Abyss:1  | HP: 5/84 [large abomination (8)]
  8000 | Abyss:1  | Demolished by a large abomination

Vault maps used:
D:1:      mrwooster_arrival_statue
D:2:      serial_aquarium, aquarium_bridge_long_separate, aquarium_window_2,
          aquarium_window_1, aquarium_window_2, aquarium_window_3,
          aquarium_view_2g, aquarium_view_2d, aquarium_pool_2, first_bread,
          grunt_ministairs_5, nrook_loot_triangle
D:3:      grunt_dithmenos_smoke_and_mirrors, uniq_terence
D:4:      grunt_temple_overflow_champion_of_chaos, serial_shops,
          nicolae_shop_stone, uniq_pikel
D:5:      elyvilon_altar_1, minmay_temple_entry_from_below_a, basic_altar,
          serial_shops, shop_statue, uniq_grinder, uniq_crazy_yiuf_cottage
D:6:      nicolae_overflow_hidden_temple, grunt_qazlal_clouds,
          nicolae_tso_carved_into_rock, grunt_ministairs_9
D:7:      okawaru_gym_becter, serial_shops, nicolae_shop_crystal, uniq_joseph,
          uniq_menkaure

Action                   |  1- 3 |  4- 6 |  7- 9 | 10-12 || total
-------------------------+-------+-------+-------+-------++-------
Melee: Falchion          |   106 |   128 |   464 |       ||   698
       Scimitar          |       |       |    98 |    87 ||   185
 Abil: Spit Poison       |     5 |    14 |    23 |     4 ||    46
Evoke: Rod               |       |       |       |     1 ||     1
  Use: Scroll            |       |     6 |    11 |     1 ||    18
       Potion            |       |     1 |     2 |     7 ||    10
 Stab: Confused          |     1 |     1 |       |       ||     2
       Sleeping          |     1 |       |       |       ||     1
       Paralysed         |       |       |     5 |       ||     5
       Petrifying        |       |       |     2 |       ||     2
       Distracted        |       |       |     1 |       ||     1
  Eat: Chunk             |       |     6 |    14 |     2 ||    22

Vault maps used:
D:1:      mrwooster_arrival_statue
D:2:      serial_aquarium, aquarium_bridge_long_separate, aquarium_window_2,
          aquarium_window_1, aquarium_window_2, aquarium_window_3,
          aquarium_view_2g, aquarium_view_2d, aquarium_pool_2, first_bread,
          grunt_ministairs_5, nrook_loot_triangle
D:3:      grunt_dithmenos_smoke_and_mirrors, uniq_terence
D:4:      grunt_temple_overflow_champion_of_chaos, serial_shops,
          nicolae_shop_stone, uniq_pikel
D:5:      elyvilon_altar_1, minmay_temple_entry_from_below_a, basic_altar,
          serial_shops, shop_statue, uniq_grinder, uniq_crazy_yiuf_cottage
D:6:      nicolae_overflow_hidden_temple, grunt_qazlal_clouds,
          nicolae_tso_carved_into_rock, grunt_ministairs_9
D:7:      okawaru_gym_becter, serial_shops, nicolae_shop_crystal, uniq_joseph,
          uniq_menkaure

Table legend:
 A = Turns spent in this place as a percentage of turns spent in the entire game.
 B = Non-inter-level travel turns spent in this place as a percentage of non-inter-level travel turns spent in the entire game.
 C = Inter-level travel turns spent in this place as a percentage of turns spent in this place.
 D = Turns resting spent in this place as a percentage of non-inter-level travel turns spent in this place.
 E = Turns spent auto-exploring this place as a percentage of non-inter-level travel turns spent in this place.
 F = Non-inter-level travel turns spent in this place divided by the number of levels of this place that you've seen.
                   A       B       C       D       E      F
               +-------+-------+-------+-------+-------+----------------------
         Total | 100.0 | 100.0 |   0.5 |   2.2 |   9.5 | 328.4
       Dungeon |  93.1 |  93.1 |   0.5 |   1.7 |  10.2 | 349.3
         Abyss |   6.9 |   6.9 |   0.0 |   8.2 |   0.0 | 182.0
               +-------+-------+-------+-------+-------+----------------------

Table legend:
 A = Kills in this place as a percentage of kills in entire the game.
 B = Kills by you in this place as a percentage of kills by you in the entire game.
 C = Kills by friends in this place as a percentage of kills by friends in the entire game.
 D = Other kills in this place as a percentage of other kills in the entire game.
 E = Experience gained in this place as a percentage of experience gained in the entire game.
 F = Experience gained in this place divided by the number of levels of this place that you have seen.
                   A       B       C       D       E      F
               +-------+-------+-------+-------+-------+----------------------
         Total | 100.0 | 100.0 | 100.0 | 100.0 | 100.0 | 694.4
       Dungeon |  98.9 |  98.9 | 100.0 | 100.0 |  91.3 | 724.3
         Abyss |   1.1 |   1.1 |   0.0 |   0.0 |   8.7 | 485.0
               +-------+-------+-------+-------+-------+----------------------
